[Event "Romanian Superleague 2022"]
[Site "Oradea"]
[Date "2022.09.27"]
[Round "7.8"]
[White "Baklan, Vladimir"]
[Black "Petkov, Momchil"]
[Result "1/2-1/2"]
[ECO "B90"]
[WhiteElo "2578"]
[BlackElo "2511"]
[Annotator "TA"]
[PlyCount "75"]
[EventDate "2022.09.21"]
[EventType "team-tourn"]
[EventCountry "ROU"]
[SourceTitle "playchess.com"]
[Source "ChessBase"]
[SourceQuality "1"]
[TimeControl "40/5400+30:1800+30"]

1. e4 c5 2. Nf3 d6 3. d4 cxd4 4. Nxd4 Nf6 5. Nc3 a6 6. Be3 e5 7. Nf3 Be7 8. Bc4 Be6 9. Bb3 {[%emt 0:00:07] B90: Sicilian Najdorf: Unusual White 6th moves, 6 Be3 Ng4 and 6 Be3 e5.} Nbd7 {[%emt 0:01:09] [#]} 10. Nh4 $146 ({Predecessor:} 10. O-O Rc8 11. Nh4 Nc5 12. Bxc5 Rxc5 13. Re1 Qd7 14. g3 O-O 15. Ng2 Bd8 16. Qd3 Ba5 {0-1 (38) Karjakin,S (2754)-Giri,A (2776) Bucharest 2019}) 10... Rc8 11. Nf5 Bxf5 12. exf5 Nc5 13. Bxc5 Rxc5 14. Qd3 e4 15. Qd4 ({Don't blunder} 15. Nxe4 $2 Nxe4 16. f3 Nf6 $19) 15... Rxf5 16. O-O-O O-O 17. Nxe4 Rf4 18. Rhe1 Nxe4 19. Rxe4 Bf6 20. Qe3 {[%emt 0:01:43] White is much more active.} Rxe4 21. Qxe4 Qe7 22. Qxe7 (22. Bd5 {keeps more tension.} Qd7 23. g3 b5 24. Qd3) 22... Bxe7 $14 {[%emt 0:00:06][%mdl 4096] Endgame KRB-KRB} 23. g3 Rc8 24. Bd5 Rc7 25. Rd3 b6 26. Rb3 Bd8 27. Kd2 g6 28. Re3 {[%emt 0:14:12] [#] And now Re8+ would win.} Kf8 {[%emt 0:00:48] Against Re8+} 29. b4 a5 30. a3 Bf6 31. c3 g5 32. Rd3 Be5 33. Kc2 axb4 34. axb4 h6 35. Rf3 Kg7 36. Kb3 Bf6 37. Rd3 Be5 38. Bc4 {[%emt 0:00:44] Weighted Error Value: White=0.03 (flawless) /Black=0.04 (flawless)} 1/2-1/2

[Event "Romanian Superleague 2022"]
[Site "Oradea"]
[Date "2022.09.27"]
[Round "7.9"]
[White "Bonte, Andrei-Mihai"]
[Black "Nanu, Costica-Ciprian"]
[Result "0-1"]
[ECO "D02"]
[WhiteElo "2339"]
[BlackElo "2518"]
[Annotator "TA"]
[PlyCount "117"]
[EventDate "2022.09.21"]
[EventType "team-tourn"]
[EventCountry "ROU"]
[SourceTitle "playchess.com"]
[Source "ChessBase"]
[SourceQuality "1"]
[TimeControl "40/5400+30:1800+30"]

1. d4 Nf6 2. Nf3 c5 3. c3 d5 4. Bf4 Nc6 5. dxc5 e6 6. b4 {[%emt 0:04:05] D02: 1 d4 d5 2 Nf3 sidelines, including 2...Nf6 3 g3 and 2...Nf6 3 Bf4.} a5 7. b5 Ne7 (7... e5 8. Bg3 (8. bxc6 exf4 9. cxb7 Bxb7 $11) 8... Nb8 9. Nxe5 $14) 8. b6 {[%emt 0:35:09] And now Bc7 would win. The position is equal.} Bd7 9. Bc7 Qc8 {[%emt 0:00:23] [#]} 10. Na3 $146 (10. Nbd2 $11) ({Predecessor:} 10. Nbd2 Nf5 11. e3 Bxc5 12. c4 O-O 13. Bd3 dxc4 14. Nxc4 Nd5 15. Bxf5 Nxc7 16. Bd3 {0-1 (76) Costa Trillo,V (2279)-Doric,N (2303) ICCF email 2015}) 10... Ng6 (10... Nf5 $15) 11. e3 (11. Qd4 $11) 11... Bxc5 $15 12. Nb5 O-O $1 13. h4 Ne8 $1 14. h5 Ne7 15. Rc1 Bxb5 16. Bxb5 Nxc7 17. bxc7 Qxc7 18. h6 g6 19. c4 Rad8 20. O-O (20. Qe2 $17) 20... b6 (20... dxc4 21. Qc2 $17) 21. cxd5 Rxd5 (21... Nxd5 22. Qb3 $15) 22. Qe2 Rh5 23. Qb2 Rxh6 24. Qe5 Rc8 25. Rfd1 Qxe5 26. Nxe5 Rh5 27. Nd7 Kg7 28. e4 $2 {[%emt 0:00:44][%mdl 8192] [#] Prevents Rd5.} (28. Ba6 $17 {was necessary.} Rc6 29. e4) 28... Bxf2+ $1 $19 29. Kxf2 Rxb5 30. Rxc8 Nxc8 {[%emt 0:00:03][%mdl 4096] Endgame KRN-KRN} 31. Rc1 Nd6 32. e5 Nb7 {[%emt 0:05:19] Strongly threatening ...Nc5.} 33. Ke3 Rd5 34. Rc7 Nc5 35. Nxb6 Rxe5+ 36. Kd4 Re2 {[%emt 0:03:44] ...Na6 is the strong threat.} ({Stronger than} 36... Na6 37. Rxf7+ Kxf7 38. Kxe5 $19) 37. Rxc5 Rxa2 $2 {[%emt 0:00:05] KRN-KR} (37... Rxg2 $19 {aiming for ...h5.} 38. Rxa5 h5) 38. g3 ({Only move:} 38. g4 $1 $15) 38... h5 (38... Ra3 $1 $17 39. g4 Rg3) 39. Ke4 $2 {[%emt 0:00:32] [#]} (39. Nc4 $15) 39... Ra3 $1 40. Kf4 Rb3 41. Nd7 Rb7 42. Ne5 {[%emt 0:00:27] [#]} f6 $1 43. Nd3 Ra7 ({Better is} 43... e5+ 44. Ke3 a4) 44. Rc3 $17 g5+ 45. Ke4 Kg6 46. Ra3 e5 47. Ra4 $1 g4 48. Nc5 Ra8 49. Nd3 Kg5 50. Nc5 $1 Re8 {[%emt 0:09:23] Threatens to win with ...f5+.} 51. Rxa5 f5+ 52. Kd5 h4 $1 53. gxh4+ ({Don't blunder} 53. Ne6+ $2 Rxe6 54. Kxe6 hxg3 55. Kxe5 g2 $19) 53... Kxh4 54. Ne6 $1 g3 55. Kxe5 g2 56. Ra1 (56. Ra7 $11) 56... f4 {[%emt 0:00:33][%mdl 64] Deflection. Black mates.} 57. Kxf4 Rxe6 58. Kf5 Re8 ({Inferior is} 58... Ra6 59. Rxa6 g1=Q 60. Rh6+ Kg3 61. Rg6+ Kh2 62. Rxg1 Kxg1 $11) 59. Ra7 {[%emt 0:00:27] Weighted Error Value: White=0.32/Black=0.18 (very precise)} 0-1

[Event "Romanian Superleague 2022"]
[Site "Oradea"]
[Date "2022.09.27"]
[Round "7.11"]
[White "Ileana, George"]
[Black "Anton, Teodor"]
[Result "1-0"]
[ECO "A31"]
[WhiteElo "2301"]
[BlackElo "2454"]
[Annotator "TA"]
[PlyCount "77"]
[EventDate "2022.09.21"]
[EventType "team-tourn"]
[EventCountry "ROU"]
[SourceTitle "playchess.com"]
[Source "ChessBase"]
[SourceQuality "1"]
[TimeControl "40/5400+30:1800+30"]

1. e4 c5 2. Nf3 d6 3. d4 cxd4 4. Nxd4 Nf6 5. f3 e6 6. c4 a6 7. Nc3 b6 8. Be3 Bb7 9. Be2 Nbd7 10. O-O Be7 11. Qd2 O-O 12. Rac1 Rc8 {[%emt 0:01:19] A31: Symmetrical English: 2 Nf3 Nf6 3 d4.} 13. Rc2 Qc7 14. Rb1 Qb8 {[%emt 0:00:42] White is slightly better.} 15. b4 Qa8 {[%emt 0:01:57] [#]} 16. Bf1 $146 ({Predecessor:} 16. a4 Rfe8 17. a5 bxa5 18. b5 d5 19. exd5 exd5 20. Nc6 Bxc6 21. bxc6 Qxc6 22. Nd1 {1-0 (63) Erdogdu,M (2407)-Vusatiuk,V (2307) Chess.com INT 2022}) 16... Rfe8 17. Na4 Bf8 18. Nb3 Qb8 19. Qf2 (19. Nxb6 Nxb6 20. Bxb6 Bxe4 $1 21. fxe4 Qxb6+ 22. Kh1 Nxe4 $17) 19... d5 (19... b5 $5 20. cxb5 Rxc2 21. Qxc2 axb5 $11) 20. exd5 exd5 (20... Bd6 $11 {remains equal.} 21. g3 b5) 21. c5 $1 $16 Qa8 22. Nd4 bxc5 23. bxc5 Bxc5 (23... h6 $16 24. Nf5 Rc6) 24. Nxc5 Rxc5 25. Rxc5 Nxc5 26. Nf5 $1 Ne6 27. Nd6 (27. Qh4 $18) 27... Re7 28. Qb2 $36 {[%emt 0:00:50][%cal Rd6b7][%mdl 2048] White has strong initiative. White is much more active.} d4 29. Bf2 ({Don't play} 29. Bxd4 $6 Nxd4 30. Qxd4 (30. Nxb7 Ne6 $14) 30... Bd5 $14) 29... Bd5 30. Qb8+ Qxb8 31. Rxb8+ Nf8 32. a4 a5 33. Bxd4 {[%emt 0:00:30] Strongly threatening Nf5.} Re6 $2 {[%emt 0:01:59] [#]} (33... Bc6 34. Bb5 Bxb5) 34. Nf5 (34. Bb5 $142 $1) 34... g6 $2 (34... Bc6 35. Kf2 Bxa4) 35. Bxf6 $18 {[%emt 0:01:47][%cal Rf5h6] A strong pair of Bishops. White is clearly winning.} gxf5 36. Bb2 Bc6 {[%emt 0:00:27] [#]} 37. Bb5 Bxb5 38. axb5 ({Less strong is} 38. Rxb5 Re2 39. Bd4 Rd2 $18) 38... Re3 {[%emt 0:00:08] Against Ba3} 39. Bd4 {[%emt 0:00:13] Weighted Error Value: White=0.17 (very precise) /Black=0.39} 1-0

[Event "Romanian Superleague 2022"]
[Site "Oradea"]
[Date "2022.09.27"]
[Round "7.12"]
[White "Antal, Hunor-Zoltan"]
[Black "Pisu, Robert-Daniel"]
[Result "1-0"]
[ECO "B12"]
[WhiteElo "2235"]
[BlackElo "2223"]
[Annotator "TA"]
[PlyCount "81"]
[EventDate "2022.09.21"]
[EventType "team-tourn"]
[EventCountry "ROU"]
[SourceTitle "playchess.com"]
[Source "ChessBase"]
[SourceQuality "1"]
[TimeControl "40/5400+30:1800+30"]

1. e4 c6 2. d4 d5 3. e5 Bf5 4. Nf3 e6 5. Be2 Nd7 6. O-O h6 7. b3 Ne7 8. c4 g5 {[%emt 0:03:36] B12: Caro-Kann: Advance Variation.} 9. Nc3 Bg7 10. Ba3 {[%emt 0:00:46] [#]} f6 $146 (10... dxc4 $14 11. Bxc4 (11. bxc4 c5 $11) 11... O-O) ({Predecessor:} 10... O-O 11. cxd5 exd5 12. Bd3 Be6 13. Ne2 f6 14. exf6 Rxf6 15. Ng3 Bg4 16. Be2 Ng6 {0-1 (35) Savic,M (2446)-Batsuren,D (2451) Novi Sad 2020}) 11. cxd5 exd5 12. e6 Bxe6 13. Re1 Nf8 14. Bd3 Kf7 15. Qc2 Qd7 16. Na4 {[%emt 0:08:21] Black must now prevent Nc5.} b6 {[%emt 0:02:09] Prevents Nc5.} 17. Bxe7 {[%emt 0:08:16][%mdl 64] Remove Defender} Qxe7 18. Qxc6 Rc8 {[%emt 0:00:34] [#]} 19. Qxc8 {[%emt 0:04:14] Dancing on a razor blade. White has more active pieces.} ({But not} 19. Qb5 $6 Qd7 $11) 19... Bxc8 20. Rxe7+ Kxe7 {[%emt 0:00:02] [#]} 21. Nc3 $1 Be6 22. Nb5 ({White should play} 22. Re1 $16) 22... a6 (22... Bd7 $1 $11) 23. Nc7 $16 a5 (23... g4 $2 24. Nh4) 24. Rc1 g4 $2 {[%emt 0:09:14] This move loses the game for Black.} (24... Kd8 $16 {keeps fighting.} 25. Nxe6+ Nxe6) 25. Nh4 $18 Kd7 $2 (25... f5 {might work better.} 26. Bxf5 Bxf5) 26. Bb5+ {[%emt 0:00:19] White is clearly winning.} Kd8 {[%emt 0:00:06] [#]} 27. Ng6 $1 {[%emt 0:00:11][%mdl 512] Strongly threatening Nxf8.} Bf7 28. Nxh8 Bxh8 {[%emt 0:00:01] [#]} 29. Bc6 $1 f5 (29... Ne6 30. Bxd5) 30. Bxd5 Bxd5 31. Nxd5 Bxd4 {[%emt 0:00:08][%mdl 4096] Endgame KRN-KBN} 32. Rd1 Bc5 33. Nxb6+ Ke7 34. Nc4 Bb4 35. a3 Bc5 36. Rd5 Ne6 37. Rxf5 Kd7 38. Ne5+ Kd6 39. Nxg4 Nd4 40. Rf6+ Kd5 41. b4 {[%emt 0:00:50] Weighted Error Value: White=0.08 (flawless) /Black=0.37} 1-0

[Event "Romanian Superleague 2022"]
[Site "Oradea"]
[Date "2022.09.27"]
[Round "7.13"]
[White "Deac, Bogdan-Daniel"]
[Black "Berkes, Ferenc"]
[Result "1-0"]
[ECO "D15"]
[WhiteElo "2710"]
[BlackElo "2651"]
[Annotator "TA"]
[PlyCount "71"]
[EventDate "2022.09.21"]
[EventType "team-tourn"]
[EventCountry "ROU"]
[SourceTitle "playchess.com"]
[Source "ChessBase"]
[SourceQuality "1"]
[TimeControl "40/5400+30:1800+30"]

1. d4 d5 2. c4 c6 3. Nf3 Nf6 4. Nc3 a6 5. g3 e6 6. Bg2 {[%emt 0:01:53] D15: Slav Defence: 4 Nc3 a6 and gambit lines after 4 Nc3 dxc4.} dxc4 7. O-O b5 8. e4 $1 {[%emt 0:02:26][%cal Od4d5][%mdl 4] The position is equal. is currently scoring better than 8.Ne5.} Bb7 ({Don't play} 8... b4 9. Na4 $16 (9. e5 Nd5 $11)) 9. e5 Nd5 10. Ng5 h6 11. Qh5 $40 {[%emt 0:03:26][%csl Gg5,LRe6,LRf7][%cal Rh5f7][%mdl 128] Black needs to defend precisely.} g6 12. Qh3 Nd7 {[%emt 0:26:03] [#]} 13. Nxe6 $146 ({Predecessor:} 13. Re1 Nxc3 14. bxc3 Be7 15. Nxe6 fxe6 16. Qxe6 Nf8 17. Bxc6+ Bxc6 18. Qxc6+ Kf7 19. a4 {1-0 (32) Cordova,E (2538)-Gomez Garrido,C (2537) Bogota 2011}) 13... fxe6 14. Qxe6+ Qe7 15. Qxg6+ Qf7 16. Qg4 Rg8 17. Qh3 {[%emt 0:11:07][%mdl 1024] White has compensation.} N7b6 {[%emt 0:08:13] And now ...Bc8 would win.} 18. f4 $1 c5 19. Bf3 $2 ({White should play} 19. Bd2 $1 $16) 19... Kd8 $1 $15 (19... cxd4 $2 20. Bh5 Rg6 21. f5 $18) 20. Ne4 (20. e6 $1 $15 Qc7 21. f5) 20... cxd4 $17 {[%emt 0:01:37] aiming for ...d3.} 21. f5 d3 (21... Kc8 $17) 22. e6 $11 Qg7 (22... Qc7 $11) 23. f6 $1 $16 Nxf6 {[%emt 0:00:10] Loses the game.} (23... Qc7 $16) 24. Nxf6 $18 Qxf6 25. Bxb7 {[%emt 0:01:09][%mdl 64] Discovered Attack. Dancing on a razor blade.} Qd4+ 26. Kh1 {[%emt 0:00:59] Hoping for Rf4.} Ra7 (26... d2 $2 27. Bxd2 $1 Bd6 28. Ba5 $18) 27. Bg2 Be7 (27... d2 $2 {[#]} 28. Bxd2 $1 Be7 29. Qxh6 $18) 28. Qxh6 {[%emt 0:04:31] Threatens to win with Be3.} Rh8 29. Qe3 Bc5 30. Qxd4+ Bxd4 31. Bg5+ Kc8 (31... Re7 $142 32. Rf7 Nc8) 32. e7 {[%emt 0:00:31] Threatening mate with Rf8+.} Rxe7 $2 (32... Nd7 33. Bd5 Kc7 34. Bf4+ Kc8) 33. Bxe7 {[%emt 0:00:07] This bishop pair is nice. White is clearly winning.} Bxb2 34. Rad1 Re8 35. Bb4 Na4 36. Rf7 {[%emt 0:02:02] Weighted Error Value: White=0.17 (very precise) /Black=0.52} 1-0

[Event "Romanian Superleague 2022"]
[Site "Oradea"]
[Date "2022.09.27"]
[Round "7.14"]
[White "Lupulescu, Constantin"]
[Black "Miroshnichenko, Evgenij"]
[Result "1/2-1/2"]
[ECO "C42"]
[WhiteElo "2614"]
[BlackElo "2597"]
[Annotator "TA"]
[PlyCount "27"]
[EventDate "2022.09.21"]
[EventType "team-tourn"]
[EventCountry "ROU"]
[SourceTitle "playchess.com"]
[Source "ChessBase"]
[SourceQuality "1"]
[TimeControl "40/5400+30:1800+30"]

1. e4 e5 2. Nf3 Nf6 3. Nxe5 d6 4. Nf3 Nxe4 5. Bd3 Nf6 6. O-O Be7 7. h3 O-O 8. c3 {[%emt 0:02:08] C42: Petroff Defence: 3 Nxe5 and unusual White 3rd moves.} Nbd7 {[%emt 0:05:00] 8...d5 is setting a new trend.} 9. Bc2 b6 10. d4 {[%emt 0:03:30] White is slightly better.} Bb7 {[%emt 0:01:34] [#]} 11. c4 $1 $146 {[%emt 0:06:16][%mdl 8] A relevant novelty.} ({Predecessor:} 11. Re1 Re8 12. Nbd2 Bf8 13. Rxe8 Qxe8 14. Nf1 Be4 15. Ng3 Bxc2 16. Qxc2 Qe6 17. b3 {1-0 (42) Bortnyk,O (2604)-Deac,B (2683) Chess.com INT 2022}) 11... d5 {[%emt 0:07:52] The position is equal.} 12. cxd5 Nxd5 13. Nc3 c5 14. Nxd5 {[%emt 1:19:10] A balanced but interesting game.  Weighted Error Value: White=0.07 (flawless) /Black=0.07 (flawless)} 1/2-1/2

[Event "Romanian Superleague 2022"]
[Site "Oradea"]
[Date "2022.09.27"]
[Round "7.15"]
[White "Iordachescu, Viorel"]
[Black "Jianu, Vlad-Cristian"]
[Result "1/2-1/2"]
[ECO "B12"]
[WhiteElo "2585"]
[BlackElo "2511"]
[Annotator "TA"]
[PlyCount "119"]
[EventDate "2022.09.21"]
[EventType "team-tourn"]
[EventCountry "ROU"]
[SourceTitle "playchess.com"]
[Source "ChessBase"]
[SourceQuality "1"]
[TimeControl "40/5400+30:1800+30"]

1. e4 c6 2. d4 d5 3. e5 Bf5 4. Nf3 e6 5. Be2 c5 6. O-O Nc6 7. c3 cxd4 {[%emt 0:00:38] B12: Caro-Kann: Advance Variation.} 8. Nxd4 Nge7 9. Qb3 Qd7 {[%emt 0:12:36] [#]} 10. Nxf5 $146 ({Predecessor:} 10. f4 Bg6 11. Be3 Nf5 12. Nxf5 Bxf5 13. Nd2 h5 14. Nf3 Be7 15. Rad1 O-O 16. Nd4 Nxd4 17. Bxd4 {½-½ (38) Fressinet,L (2662)-Kasimdzhanov,R (2683) Riadh 2017}) 10... Nxf5 11. Bf4 h6 12. h3 g5 13. Bh2 Bg7 14. Bb5 h5 15. Nd2 g4 16. c4 a6 (16... O-O-O $15) 17. Bxc6 $11 bxc6 18. Rad1 Qa7 19. cxd5 cxd5 20. hxg4 hxg4 21. Qa4+ Kf8 22. Qxg4 Rb8 23. Nf3 {[%emt 0:03:01] Inhibits Qd4.} Rxb2 24. Qa4 (24. Bf4 $14 {should be considered.}) 24... Qb7 25. Rc1 Kg8 (25... Bh6 $5 26. Bf4 Rb4 27. Bxh6+ (27. Rc8+ Kg7 $17) 27... Nxh6 $11) 26. Rc3 Rb4 27. Qc2 Bf8 28. Rc8 Kg7 29. a3 Rb2 (29... Rg4 $17 {Strongly threatening ...d4.} 30. Rc7 Qa8) 30. Qc1 $14 {[%emt 0:00:07] The board is on fire.} Rh6 $2 {[%emt 0:01:22][%mdl 8192] [#]} ({Better is} 30... Rb1 $14 31. Qg5+ Kh7 32. Rxb1 (32. Qh5+ Nh6 $11) 32... Qxb1+ 33. Rc1 Qb8) 31. Bf4 $1 $18 ({Worse is} 31. Qg5+ Rg6 32. Qd8 Qe7 $17) 31... Rg6 32. Bg5 {[%emt 0:00:12] And now Bf6+ would win.} Be7 {[%emt 0:00:37] Against Bf6+} 33. Bxe7 Nxe7 34. Rc7 Qb3 {[%emt 0:00:20] ( -> ...Qxf3)} 35. Nh4 (35. Qf4 Nf5 $16) 35... Rg4 36. Rxe7 Rc2 {[%emt 0:00:03] Against Qc7} 37. Qe3 Qxe3 38. fxe3 Rxh4 39. Rexf7+ $2 {[%emt 0:01:22][%mdl 4096] Endgame KRR-KRR} (39. Rfxf7+ $18 {is the precise move to win.} Kg8 40. Rg7+ Kh8 41. Rg6) 39... Kg8 $16 40. Rf8+ Kg7 41. R1f7+ Kg6 42. Re7 Re4 $1 43. Rf6+ (43. Rxe6+ $14 Kg5 44. Rf3 (44. Rxa6 Rxe3 45. Ra7 Rxe5 $14)) 43... Kg5 (43... Kh5 $1 $11) 44. Rg7+ $14 Kh5 45. Rf8 Kh6 46. Rg3 Kh7 {[%emt 0:00:11] Prevents Rh8+.} (46... Rc1+ $14 47. Kf2 Kh7) 47. Rf7+ $18 Kh8 {[%emt 0:00:17] [#]} 48. Rf6 $1 Kh7 {[%emt 0:00:01] Against Rh6+} 49. Rxe6 Re2 $2 (49... a5 $16 50. Ra6 a4) 50. Re7+ Kh6 51. Re6+ Kh7 $1 52. Rg5 $2 (52. Rxa6 $18 {aiming for e6.} R4xe3 53. Rxe3 Rxe3 54. a4) 52... Ra4 $2 (52... R4xe3 $11 53. Rxa6 Rxe5 54. Rxe5 Rxe5) 53. Rf6 $2 (53. Re7+ $18 Kh6 54. Reg7) 53... Rxe3 $11 {[%emt 0:01:39] The position is equal.} 54. e6 Raxa3 55. Rxd5 {[%emt 0:00:32] Threatens to win with Rd7+.} Kg7 56. Rdf5 Re1+ 57. Kf2 Rae3 58. Rf7+ Kg6 59. R5f6+ Kg5 60. Rf5+ {[%emt 0:00:12] White really could win this.  Weighted Error Value: White=0.40/Black=0.41} 1/2-1/2

[Event "Romanian Superleague 2022"]
[Site "Oradea"]
[Date "2022.09.27"]
[Round "7.16"]
[White "Parligras, Mircea-Emilian"]
[Black "Szabo, Gergely-Andras-Gyula"]
[Result "1/2-1/2"]
[ECO "D31"]
[WhiteElo "2560"]
[BlackElo "2512"]
[Annotator "TA"]
[PlyCount "69"]
[EventDate "2022.09.21"]
[EventType "team-tourn"]
[EventCountry "ROU"]
[SourceTitle "playchess.com"]
[Source "ChessBase"]
[SourceQuality "1"]
[TimeControl "40/5400+30:1800+30"]

1. d4 d5 2. c4 e6 3. Nc3 a6 4. cxd5 exd5 5. Bf4 Nf6 6. e3 {[%emt 0:00:44] D31: Queen's Gambit Declined: Semi-Slav without ...Nf6 (+ Marshall Gambit and Noteboom) and Exchange Variation lines without ...Nf6.} c5 7. Nge2 Nc6 8. g3 {[%emt 0:02:06] The position is equal.} Bg4 9. Bg2 {[%emt 0:01:10] Prevents Bf3.} cxd4 10. exd4 Be7 11. O-O O-O 12. h3 Bxe2 13. Nxe2 Qb6 14. Rb1 Rad8 15. Be3 Rfe8 {[%emt 0:06:26] [#]} 16. Nc3 $146 ({Predecessor:} 16. b4 Ne4 17. a3 Bf6 18. Qd3 Qb5 19. Qxb5 axb5 20. Rfd1 Rd7 21. Rbc1 Ra8 22. Rd3 {½-½ (59) Mirzoev,E (2467)-Schmidek,E (2383) Berlin 2022}) 16... h6 17. Qd2 Bf8 18. Rfd1 Na5 19. Qd3 Nc4 20. Bf4 Qe6 (20... Nxb2 $2 21. Qc2 $18) 21. Kf1 g5 22. Re1 Qc6 23. Be5 {[%emt 0:00:32] [#] Hoping for Bxf6.} Bg7 24. b3 (24. Bxf6 $5 Qxf6 25. b3 (25. Bxd5 Rxe1+ 26. Kxe1 b5 $11) 25... Rxe1+ 26. Rxe1 $14) 24... Nxe5 25. dxe5 Ne4 26. Nxe4 dxe4 27. Qxe4 Qb5+ 28. Qc4 Rxe5 29. Rxe5 Bxe5 30. Qxb5 {[%emt 0:02:49] White is slightly better.} axb5 31. Bxb7 $14 {[%emt 0:00:34] KRB-KRB} Rd2 32. Re1 Bd4 33. Re2 Rxe2 34. Kxe2 b4 35. f3 {[%emt 0:00:34] Weighted Error Value: White=0.05 (flawless) /Black=0.07 (flawless)} 1/2-1/2

[Event "Romanian Superleague 2022"]
[Site "Oradea"]
[Date "2022.09.27"]
[Round "7.17"]
[White "Nevednichy, Vladislav"]
[Black "Gavrilescu, David"]
[Result "1-0"]
[ECO "B45"]
[WhiteElo "2472"]
[BlackElo "2523"]
[Annotator "TA"]
[PlyCount "101"]
[EventDate "2022.09.21"]
[EventType "team-tourn"]
[EventCountry "ROU"]
[SourceTitle "playchess.com"]
[Source "ChessBase"]
[SourceQuality "1"]
[TimeControl "40/5400+30:1800+30"]

1. e4 c5 2. Nf3 e6 3. d4 cxd4 4. Nxd4 Nf6 5. Nc3 Nc6 6. Ndb5 Bc5 7. Bf4 {[%emt 0:06:07] [#] Black must now prevent Nc7+. The main line 7.Bf4 scores better than 7.Nd6+.} O-O {[%emt 0:00:20] B45: Sicilian Four Knights.} 8. Bc7 Qe7 9. Bd6 $1 Bxd6 {[%emt 0:00:09] White has an edge.} 10. Qxd6 Qd8 11. O-O-O a6 12. Nd4 Ne7 (12... Qb6 {with more complications.} 13. Kb1 Ng4 14. Qf4 Nxd4 15. Qxg4 Nb5) 13. h4 b5 14. h5 h6 15. g4 Bb7 16. f3 Re8 {[%emt 0:00:25] [#]} 17. a3 $146 ({Predecessor:} 17. Rh2 Qb8 18. Nb3 Bc6 19. a3 Rc8 20. Rhd2 Qxd6 21. Rxd6 Rc7 22. Be2 Nc8 23. R6d2 {1-0 (50) Nevednichy,V (2514)-Pastar,S (2350) Backa Palanka 2021}) 17... Qb8 18. Nb3 Bc6 19. Qxb8 Raxb8 20. Rh2 e5 (20... d5 $11) 21. Na5 Ba8 (21... Rb6 $14 {feels stronger.}) 22. Rhd2 Rb6 23. b4 Rd8 24. Rd6 Rdb8 25. R6d2 Rd8 $1 26. Rd6 Rdb8 27. Nb3 Nc8 28. R6d2 {[%emt 0:04:12] White has more active pieces.} Kf8 29. Na5 Ne7 30. Kb2 Ke8 31. Be2 Rc8 32. Rd6 ({Better is} 32. Nb3 $16) 32... Rxd6 $14 33. Rxd6 Nc6 34. Nb3 Ke7 35. Rd2 d6 {[%emt 0:00:06] [#]} 36. Nd1 $1 g6 37. Ne3 Rd8 38. c4 bxc4 (38... Na7 $16 39. Rd1 bxc4) 39. Bxc4 $18 Bb7 40. Rh2 {[%emt 0:00:00] And now hxg6 would win.} gxh5 41. Nf5+ (41. gxh5 $6 Bc8 $16) 41... Kf8 42. gxh5 (42. Nxh6 $6 hxg4 43. Nxg4 (43. Nxf7 Rd7 $11) 43... Nxg4 44. fxg4 Rd7 $14) 42... d5 43. exd5 Nxd5 44. Bxd5 (44. Nxh6 Ne3 45. Be2 (45. Bxf7 Kg7 $11) 45... f5 $11) (44. Nc5 $18 Ba8 45. Nxh6 (45. Nxa6 Nd4 $16) (45. Bxa6 Nf4 $18)) 44... Rxd5 $16 45. Nxh6 ({Of course not} 45. Nc5 $6 Bc8 46. Ne3 (46. Nxh6 f5 $11) 46... Rd8 $11) 45... Nd4 46. Nc5 Bc6 47. Rg2 {[%emt 0:07:20] Rg8+ is the strong threat.} e4 48. fxe4 Rxh5 49. Rd2 Ne6 $2 (49... Rxh6 $16 {might work better.} 50. Rxd4 Be8) 50. Nf5 $18 {[%emt 0:00:04] Pair of Knights!} Bxe4 $2 (50... a5 {was worth a try.} 51. Rd6 (51. Nd7+ Bxd7 52. Rxd7 axb4 $16) 51... Bb5 52. Nxe6+ fxe6 53. Rxe6 Rh2+ 54. Kc3 Rh3+ 55. Kd4 Rxa3) 51. Nd7+ {[%emt 0:00:06] Weighted Error Value: White=0.10 (very precise) /Black=0.22 (precise)} ({Not} 51. Nxe4 Rxf5 52. Rd7 a5 $14) 1-0

[Event "Romanian Superleague 2022"]
[Site "Oradea"]
[Date "2022.09.27"]
[Round "7.18"]
[White "Costachi, Mihnea"]
[Black "Stoleriu, George"]
[Result "1/2-1/2"]
[ECO "A49"]
[WhiteElo "2470"]
[BlackElo "2392"]
[Annotator "TA"]
[PlyCount "45"]
[EventDate "2022.09.21"]
[EventType "team-tourn"]
[EventCountry "ROU"]
[SourceTitle "playchess.com"]
[Source "ChessBase"]
[SourceQuality "1"]
[TimeControl "40/5400+30:1800+30"]

1. d4 Nf6 2. Nf3 g6 3. g3 Bg7 4. Bg2 O-O 5. O-O d6 6. b3 Nc6 7. Bb2 e5 8. dxe5 Ng4 9. Qc1 Ngxe5 10. Nxe5 Nxe5 11. Nd2 Re8 {[%emt 0:05:15] A49: 1 d4 Nf6 2 Nf3 g6 3 g3: Anti-King's Indian systems.} 12. h3 {[%emt 0:06:17] [#]} a5 $146 ({Predecessor:} 12... Rb8 13. e3 b5 14. f4 Nd7 15. Bxg7 Kxg7 16. Qb2+ Qf6 17. Qxf6+ Nxf6 18. Rfe1 Bb7 19. c4 Bxg2 20. Kxg2 {1-0 (58) Andersson,U (2562)-Arakhamia Grant,K (2448) Liverpool 2008}) 13. a4 Nd7 {[%emt 0:03:32] The position is equal.} 14. Bxg7 Kxg7 15. Ne4 Nf6 16. Qb2 {[%emt 0:08:37] Threatens to win with g4.} Bd7 17. Nc3 Bc6 18. e4 Kg8 19. Rae1 Re6 20. f3 b6 21. Ne2 {[%emt 0:00:15] And now Nd4 would win.} Bb7 22. Nf4 Re8 23. Kh2 {[%emt 0:00:59] Not much happened in this game.  Weighted Error Value: White=0.08 (flawless) /Black=0.05 (flawless)} 1/2-1/2